Map: Dusk Towers

Players

DownFALL - Winner!

  • Race: Zerg Zerg
  • League: Diamond

LilDicky

  • Race: Terran Terran
  • League: Diamond

VOD

http://www.twitch.tv/tumescentpie

Description

Time

  • Played on: Dec. 10, 2015, 3:27 p.m.
  • Length: 5:16
Show
View Real Time Build Order
Export as new Build Order

DownFALL Zerg - Winner!

Build Orders: Hatch First 

Get SALT Encoding   

  12  0:01  Drone  
  13  0:10  Drone  
  14  0:18  Overlord  
  14  0:36  Drone  
  14  0:37  Drone x2  
  17  0:55  Hatchery  
  16  1:02  Drone  
  17  1:12  Spawning Pool  
  17  1:17  Extractor  
  15  1:20  Drone x2  
  17  1:49  Hatchery, Drone  
  17  2:04  Queen  
  19  2:12  Drone  
  19  2:13  Drone x2  
  21  2:37  Baneling Nest  
  21  2:44  Queen  
  22  3:00  Metabolic Boost  
  22  3:03  Drone x3  
  25  3:29  Zergling x2  
  25  3:30  Zergling x4  
  28  3:37  Overlord x2  
  28  3:52  Zergling x2  
  28  3:53  Zergling x10  
  34  3:57  Zergling x16  
  42  4:07  Zergling x4  
  44  4:12  Zergling x2  
  45  4:22  Zergling x2  
  45  4:23  Zergling x8  
  50  4:24  Overlord  
  50  4:38  Baneling x6  
  50  4:39  Baneling  
  50  4:45  Zergling x8  
Show
View Real Time Build Order
Export as new Build Order

LilDicky Terran 

Build Orders: Command Center First (CC) 

Get SALT Encoding   

  12  0:01  SCV  
  13  0:13  SCV  
  14  0:23  Supply Depot  
  14  0:26  SCV  
  15  0:44  SCV  
  16  0:59  Command Center  
  16  1:01  SCV  
  17  1:20  SCV  
  18  1:35  Barracks  
  17  1:54  Command Center  
  17  1:56  Supply Depot  
  17  1:57  SCV  
  18  2:09  SCV  
  19  2:18  SCV  
  20  2:32  Orbital Command  
  20  2:33  Orbital Command  
  20  2:37  Marine  
  20  2:40  Refinery x2  
  21  3:21  SCV x2  
  23  3:28  Marine  
  23  3:29  Engineering Bay  
  23  3:32  Refinery x2  
  23  3:33  SCV x2  
  26  3:45  SCV  
  26  3:46  Marine  
  28  3:48  SCV  
  29  3:57  SCV  
  29  4:00  SCV  
  31  4:03  Marine  
  31  4:04  Orbital Command  
  31  4:09  SCV  
  33  4:12  SCV  
  34  4:19  Factory  
  34  4:21  SCV  
  35  4:32  SCV  
  35  4:33  SCV  
  35  4:36  Barracks Tech Lab  
  35  4:38  SCV  
  38  4:44  SCV  
  38  4:45  SCV  
  40  4:48  Refinery  
  40  4:50  SCV, Refinery  
  41  4:56  SCV  
  41  4:57  SCV  
  44  5:02  SCV  
Tags
 
Add a new tag
Caveats
  • Supply blocks, unpowered buildings, or Contaminate may cause inaccurate times.
  • Supply counts are checked every 10 seconds.